[Event "Team 45 45 League T35"]
[Site "Internet Chess Club"]
[Date "2007.10.26"]
[Round "2"]
[White "SRS"]
[Black "goldenboy2"]
[Result "0-1"]
[WhiteElo "1828"]
[BlackElo "1927"]
[Opening "KGA: Abbazia defense, modern variation"]
[ECO "C36"]
[Time "18:58:50"]
[TimeControl "2700+45"]

1. e4 e5 2. f4 exf4 3. Nf3 d5 4. exd5 Nf6 5. Be2 Nxd5 6. O-O c5 7. Re1 Be7 8.
Bc4 Be6 9. d3 O-O 10. Bxd5 Bxd5 11. Bxf4 Bxf3 12. Qxf3 Bf6 13. Nd2 Nc6 14. Nc4
Nd4 15. Qf2 Ne6 16. Be5 Bxe5 17. Rxe5 Qd4 18. Rae1 b6 19. Qxd4 Nxd4 20. Na3 Nc6
21. Rd5 Rfd8 22. c4 Rxd5 23. cxd5 Nb4 24. d6 Nxd3 25. Re7 Nxb2 26. Nb5 Rd8 27.
Rxa7 Kf8 28. d7 Ke7 29. Rb7 Nc4 30. Na7 Rxd7 31. Nc8+ Kd8 32. Rxd7+ Kxd7 33. Na7
Na3 {White resigns} 0-1

[Event "Team 45 45 League T35"]
[Site "Internet Chess Club"]
[Date "2007.10.26"]
[Round "2"]
[White "Victorianum"]
[Black "clarnibass"]
[Result "1-0"]
[WhiteElo "1628"]
[BlackElo "1752"]
[Opening "QGD: Capablanca-Duras variation"]
[ECO "E10"]
[Time "12:06:08"]
[TimeControl "2700+45"]

1. d4 Nf6 2. c4 e6 3. Nf3 d5 4. Bg5 h6 5. Bxf6 Qxf6 6. e3 c6 7. Nc3 Bb4 8. Bd3
Nd7 9. O-O dxc4 10. Bxc4 O-O 11. Qb3 c5 12. Ne4 Qe7 13. a3 Ba5 14. Nxc5 Nxc5 15.
dxc5 Qxc5 16. Rac1 Qe7 17. Rfd1 a6 18. Be2 b5 19. Ne5 Qf6 20. Bf3 Rb8 21. Nc6
Bc7 22. Nxb8 Bxb8 23. Rc2 Rd8 24. Rxd8+ Qxd8 25. g3 Be5 26. Qb4 Bf6 27. Qc5 Bd7
28. Qa7 Be8 29. Qxa6 g5 30. Rc8 {Black resigns} 1-0

[Event "Team 45 45 League T35"]
[Site "Internet Chess Club"]
[Date "2007.10.28"]
[Round "2"]
[White "corsair"]
[Black "gugamircea"]
[Result "1-0"]
[WhiteElo "1723"]
[BlackElo "1616"]
[Opening "English: Carls' Bremen system"]
[ECO "A22"]
[Time "14:02:13"]
[TimeControl "2700+45"]

1. c4 e5 2. Nc3 Nf6 3. g3 Bc5 4. Bg2 O-O 5. d3 c6 6. Nf3 Ng4 7. O-O d6 8. Ne4
Bb6 9. h3 Nf6 10. Bg5 Nbd7 11. Nxd6 h6 12. Bxf6 gxf6 13. Qd2 Kh7 14. Nf5 Rh8 15.
Qxh6+ Kg8 16. Qg7# {Black checkmated} 1-0

[Event "Team 45 45 League T35"]
[Site "Internet Chess Club"]
[Date "2007.10.27"]
[Round "2"]
[White "Klampin"]
[Black "ETwoEFour"]
[Result "0-1"]
[WhiteElo "1991"]
[BlackElo "2135"]
[Opening "King's Indian: Torre attack"]
[ECO "A48"]
[Time "12:02:07"]
[TimeControl "2700+45"]

1. d4 Nf6 2. Nf3 g6 3. Bg5 Bg7 4. Nbd2 O-O 5. e4 d5 6. e5 Ne4 7. Bf4 c5 8. c3
Nc6 9. Be2 Qb6 10. Qb3 Nxd2 11. Bxd2 Qxb3 12. axb3 cxd4 13. cxd4 f6 14. exf6
Bxf6 15. Bc3 Bg4 16. O-O Rad8 17. Rfd1 a6 18. h3 Bf5 19. b4 Bc2 20. Re1 Be4 21.
Nd2 Nxd4 22. Nxe4 Nxe2+ 23. Rxe2 dxe4 24. Rxe4 Rd7 25. Rae1 Kf7 26. g4 Rfd8 27.
Rf4 g5 28. Rf5 Rd1 29. Rxd1 Rxd1+ 30. Kg2 Ke6 31. b5 Bxc3 32. bxc3 Rd5 33. bxa6
bxa6 34. Rf8 Rc5 35. Ra8 a5 36. Ra7 Kd6 37. c4 Re5 38. Kf3 Kc6 39. Ra8 Kb7 40.
Rd8 a4 41. Rd1 Kb6 42. Rb1+ Kc5 43. Rc1 a3 44. Rc2 Kb4 45. Rc1 a2 46. c5 Rxc5
47. Rd1 Kb3 48. h4 gxh4 49. Kg2 Kb2 50. Rd2+ Rc2 51. Rd1 a1=Q 52. Rxa1 Kxa1
{White resigns} 0-1

[Event "Team 45 45 League T35"]
[Site "Internet Chess Club"]
[Date "2007.10.26"]
[Round "2"]
[White "matein7"]
[Black "Vitruvian"]
[Result "1/2-1/2"]
[WhiteElo "1962"]
[BlackElo "1826"]
[Opening "QGD: 3.Nc3"]
[ECO "D31"]
[Time "10:03:54"]
[TimeControl "2700+45"]

1. d4 d5 2. c4 e6 3. Nc3 f5 4. Bf4 c6 5. e3 Nf6 6. Nf3 Be7 7. Rc1 O-O 8. Bd3 Ne4
9. O-O Nd7 10. Qb3 Kh8 11. Rfd1 g5 12. Be5+ Nxe5 13. Nxe5 Qe8 14. f3 Nf6 15. e4
fxe4 16. fxe4 c5 17. cxd5 exd5 18. Nb5 c4 19. Bxc4 dxc4 20. Qxc4 Qh5 21. d5 Bg4
22. d6 Bd8 23. Re1 Bb6+ 24. Kh1 Rac8 25. Nc7 Bf2 26. Nxg4 Nxg4 27. Qc3+ Kg8 28.
Qb3+ Rf7 29. h3 Bxe1 30. d7 Rd8 31. Ne6 Nf2+ 32. Kg1 Nxh3+ 33. gxh3 Qe2 34. Nxd8
Qf1+ 35. Kh2 Qf2+ 36. Kh1 Qf1+ 37. Kh2 Qf2+ {Game drawn by mutual agreement}
1/2-1/2

[Event "Team 45 45 League T35"]
[Site "Internet Chess Club"]
[Date "2007.11.03"]
[Round "2"]
[White "superbeast"]
[Black "Ghashgork"]
[Result "1-0"]
[WhiteElo "1655"]
[BlackElo "1655"]
[Opening "English opening"]
[ECO "A20"]
[Time "11:03:40"]
[TimeControl "2700+45"]

1. c4 e5 2. g3 Nc6 3. Bg2 f5 4. Nc3 Nf6 5. d3 Bb4 6. Bd2 O-O 7. Nf3 d6 8. O-O
Bxc3 9. Bxc3 f4 10. Qd2 Nh5 11. b4 a6 12. a4 Rb8 13. b5 axb5 14. axb5 Ne7 15.
Qa2 Kh8 16. c5 Bg4 17. b6 Bxf3 18. Bxf3 Nf6 19. bxc7 Qxc7 20. Qa5 Qxa5 21. Rxa5
b6 22. cxd6 bxa5 23. dxe7 Rfe8 24. Bxe5 Rb6 25. Bd4 Rbb8 26. Bc5 Rbc8 27. Ba3
fxg3 28. fxg3 Ng8 29. Bg4 Ra8 30. Rf8 {Black resigns} 1-0

[Event "Team 45 45 League T35"]
[Site "Internet Chess Club"]
[Date "2007.10.27"]
[Round "2"]
[White "joshtournman"]
[Black "vrahimov"]
[Result "0-1"]
[WhiteElo "1444"]
[BlackElo "1508"]
[Opening "Four knights: Italian variation"]
[ECO "C55"]
[Time "19:01:08"]
[TimeControl "2700+45"]

1. e4 e5 2. Nf3 Nc6 3. Bc4 Nf6 4. Nc3 d6 5. h3 Be7 6. O-O Be6 7. Bxe6 fxe6 8. d3
O-O 9. Re1 Nd4 10. Be3 Nxf3+ 11. Qxf3 Qd7 12. Qe2 c6 13. Bg5 Rf7 14. Rad1 Raf8
15. f3 Nh5 16. Bxe7 Qxe7 17. Qf2 Nf4 18. Re3 Rf6 19. Ne2 Rg6 20. Nxf4 exf4 21.
Re2 Rg3 22. d4 Rf6 23. d5 c5 24. e5 Rfg6 25. Qe1 dxe5 26. dxe6 h6 27. Rd7 Qxe6
28. Rxb7 Qxh3 29. Qf1 R6g5 30. Rf2 e4 31. Qc4+ Kh7 32. Qxe4+ Rg6 33. Qe2 R3g5
34. Rxa7 Rh5 35. Rf1 Qh2+ 36. Kf2 Rxg2+ {White resigns} 0-1

[Event "Team 45 45 League T35"]
[Site "Internet Chess Club"]
[Date "2007.10.26"]
[Round "2"]
[White "Karpyan"]
[Black "VentasD"]
[Result "0-1"]
[WhiteElo "1881"]
[BlackElo "2180"]
[Opening "Caro-Kann: classical, 6.h4"]
[ECO "B18"]
[Time "16:05:16"]
[TimeControl "2700+45"]

1. e4 c6 2. d4 d5 3. Nc3 dxe4 4. Nxe4 Bf5 5. Ng3 Bg6 6. h4 h6 7. h5 Bh7 8. Nf3
e6 9. Bd3 Nf6 10. Bxh7 Nxh7 11. Bf4 Bd6 12. Qd2 Qc7 13. Bxd6 Qxd6 14. O-O-O Nd7
15. Qa5 Ndf6 16. Rhe1 O-O 17. Ne5 Qd5 18. Qxd5 cxd5 19. Rd3 Rac8 20. Rb3 Rc7 21.
Kb1 Rfc8 22. c3 Ng5 23. f3 Nd7 24. Nxd7 Rxd7 25. Ne2 Nh7 26. Nf4 Nf6 27. Kc2 Ne8
28. Nd3 b6 29. Ne5 Rdc7 30. Nd3 Nd6 31. Ne5 Nf5 32. Kd3 Ng3 33. Ke3 Nxh5 34. g4
Nf6 35. a4 Nd7 36. a5 Nxe5 37. dxe5 Rb7 38. axb6 Rxb6 39. Rxb6 axb6 40. Ra1 Rb8
41. Kd4 g6 42. Ra7 h5 43. gxh5 gxh5 44. Ke3 Kg7 45. Kf4 Kg6 46. Ra1 b5 47. Rg1+
Kh6 48. Ke3 b4 49. Kd4 bxc3 50. Kxc3 Rc8+ 51. Kd3 Rc4 52. Ra1 Rb4 53. Kc3 Rf4
54. Rf1 Kg5 55. b4 Kf5 56. Re1 Rxf3+ 57. Kd4 Rf4+ 58. Kc5 Re4 59. Rf1+ Kxe5 60.
Rxf7 Rc4+ 61. Kb5 h4 62. Rh7 Kf5 63. Ka5 e5 64. b5 d4 65. Rxh4 Rc8 66. b6 d3 67.
b7 Rb8 68. Rh5+ Ke4 69. Rh4+ Ke3 70. Rh3+ Kd4 71. Kb6 e4 72. Rh7 e3 73. Rd7+ Kc3
74. Ka7 Rxb7+ 75. Rxb7 e2 76. Rc7+ Kd2 77. Kb6 e1=Q 78. Rc5 Qe3 {White resigns}
0-1

[Event "Team 45 45 League T35"]
[Site "Internet Chess Club"]
[Date "2007.10.28"]
[Round "2"]
[White "primerpaso"]
[Black "Rainbird"]
[Result "1/2-1/2"]
[WhiteElo "1806"]
[BlackElo "1776"]
[Opening "English: Anglo-Grünfeld, Czech defense"]
[ECO "A16"]
[Time "17:01:15"]
[TimeControl "2700+45"]

1. c4 Nf6 2. Nc3 d5 3. cxd5 Nxd5 4. g3 g6 5. Bg2 Nb6 6. Nf3 Bg7 7. O-O O-O 8. d4
Nc6 9. d5 Na5 10. e4 e6 11. dxe6 Bxe6 12. Qc2 h6 13. Rd1 Qe7 14. Nd4 Rfd8 15.
Nxe6 Qxe6 16. Bf4 Qe7 17. Rac1 Nc6 18. Nd5 Nxd5 19. exd5 Nd4 20. Qxc7 Rd7 21.
Qc5 Ne2+ 22. Kf1 Nxc1 23. Qxc1 Re8 24. Rd2 g5 25. Be3 b6 26. Qd1 Qb4 27. Qc2 Be5
28. Qc6 Qd6 29. Qb5 Rc8 30. Re2 Rdc7 31. Bh3 Rd8 32. Bg2 Rdc8 33. Bh3 Rd8 {Game
drawn by mutual agreement} 1/2-1/2

[Event "Team 45 45 League T35"]
[Site "Internet Chess Club"]
[Date "2007.10.28"]
[Round "2"]
[White "SATELLITE-DAN"]
[Black "WillsGambit"]
[Result "1-0"]
[WhiteElo "1615"]
[BlackElo "1651"]
[Opening "Caro-Kann: exchange variation"]
[ECO "B13"]
[Time "09:15:37"]
[TimeControl "2700+45"]

1. e4 d5 2. exd5 c6 3. d4 Nf6 4. Nc3 h6 5. Nf3 a6 6. dxc6 Nxc6 7. d5 Nb4 8. Bc4
Bf5 9. Bb3 a5 10. Ba4+ Nd7 11. O-O g5 12. a3 Na6 13. Nd4 Bg6 14. Be3 Bg7 15. Qg4
f5 16. Nxf5 Bxc3 17. bxc3 Bxf5 18. Qxf5 Qc7 19. Qg6+ Kd8 20. Qg7 Re8 21. Rab1 b6
22. Bxd7 Qxd7 23. Bxb6+ Kc8 24. c4 Qd6 25. Qc3 Nc5 26. Bxc5 Qxc5 27. Rb5 Qd6 28.
Rxa5 Rxa5 29. Qxa5 Qc7 30. Qb5 Rf8 31. c5 Rf5 32. c4 g4 33. Qe8+ Qd8 34. Qxd8+
Kxd8 35. g3 e6 36. Rd1 h5 37. dxe6+ Ke7 38. Rd5 Rf6 39. Rxh5 Rxe6 40. h3 gxh3
41. Rxh3 Kd7 42. f4 Re3 43. a4 Kc6 44. Kf2 Rc3 45. f5 Kxc5 46. Rh4 Rc2+ 47. Kf3
Rc3+ 48. Kg2 Kd6 49. Rd4+ Ke5 50. Rd5+ Kf6 51. Rc5 Kg5 52. a5 Ra3 53. Kh3 Ra1
54. Rd5 Rh1+ 55. Kg2 Ra1 56. Kf3 Ra3+ 57. Ke4 Rxg3 58. c5 Rg4+ 59. Ke5 Ra4 60.
c6 Rc4 61. Kd6 Kf6 62. a6 {Black resigns} 1-0

[Event "Team 45 45 League T35"]
[Site "Internet Chess Club"]
[Date "2007.10.28"]
[Round "2"]
[White "LittleBunny"]
[Black "Lionskins"]
[Result "0-1"]
[WhiteElo "1221"]
[BlackElo "1542"]
[Opening "Sicilian: closed"]
[ECO "B23"]
[Time "11:32:01"]
[TimeControl "2700+45"]

1. e4 c5 2. Nc3 e6 3. Nf3 a6 4. g3 Nc6 5. Bg2 h6 6. O-O g5 7. d4 cxd4 8. Nxd4
Qc7 9. Nxc6 bxc6 10. Ne2 Nf6 11. Qd4 Bg7 12. e5 Nh5 13. f4 gxf4 14. Nxf4 Bxe5
15. Qc4 Ng7 16. c3 a5 17. b3 Ba6 18. Qc5 d6 19. Qxc6+ Qxc6 20. Bxc6+ Ke7 21.
Bxa8 Bxf1 22. Bb2 Rxa8 23. Kxf1 Rc8 24. Ne2 Nf5 25. Rb1 Ne3+ 26. Kf2 Ng4+ 27.
Kg2 h5 28. c4 Bxb2 29. Rxb2 Ne3+ 30. Kf3 Nf5 31. Nf4 Ng7 32. g4 Rc5 33. Rd2
hxg4+ 34. Kxg4 Nf5 35. Re2 Kd7 36. h4 Nh6+ 37. Kg3 a4 38. Nh3 axb3 39. axb3 Nf5+
40. Kg4 Nd4 41. Rf2 f5+ 42. Kg5 Nxb3 43. h5 Ke7 44. Kg6 Rxc4 45. h6 Rg4+ 46. Ng5
Nc5 47. h7 Rh4 48. Nf3 Rg4+ 49. Kh6 Ne4 50. Nh2 Rg3 51. Rf3 Rg2 52. Rh3 Ng5 53.
h8=Q Nf7+ 54. Kh7 Nxh8 55. Kxh8 Kf6 56. Rh6+ Rg6 57. Kh7 Rxh6+ 58. Kxh6 d5 59.
Nf3 e5 60. Kh5 e4 61. Nd4 f4 62. Kg4 Ke5 63. Nf3+ exf3 64. Kxf3 d4 65. Ke2 Ke4
66. Ke1 Ke3 67. Kf1 d3 68. Ke1 d2+ {White resigns} 0-1

[Event "Team 45 45 League T35"]
[Site "Internet Chess Club"]
[Date "2007.10.28"]
[Round "2"]
[White "killer21"]
[Black "Checkmates"]
[Result "0-1"]
[WhiteElo "2309"]
[BlackElo "2407"]
[Opening "Sicilian: Kan, 5.Nc3"]
[ECO "B43"]
[Time "03:00:46"]
[TimeControl "2700+45"]

1. e4 c5 2. Nf3 e6 3. d4 cxd4 4. Nxd4 a6 5. Nc3 b5 6. a3 Bb7 7. Bd3 Qb6 8. Nb3
Qc7 9. O-O Nf6 10. Qe2 d6 11. f4 Nbd7 12. f5 e5 13. Bg5 Be7 14. Kh1 h5 15. Rad1
h4 16. Rf3 Rh5 17. Bxf6 Nxf6 18. Rh3 Rh8 19. Qe1 Rd8 20. Nd5 Bxd5 21. exd5 Nxd5
22. Bxb5+ axb5 23. Rxd5 Qxc2 24. Rxb5 Qxb2 25. a4 Qa2 26. a5 Rh5 27. Rf3 Rg5 28.
Rf2 Qa4 29. Rb4 Qc6 30. Rxh4 Kd7 31. Rb4 Rh8 32. Rb6 Rgh5 33. Rd2 Rxh2+ 34. Kg1
Rh1+ 35. Kf2 Bh4+ 36. Ke3 Rxe1+ 37. Kd3 Qe4+ 38. Kc3 Rc8+ 39. Kb2 Re2 40. Rxd6+
Ke8 41. a6 Rxd2+ 42. Rxd2 Qa4 {White resigns} 0-1

[Event "Team 45 45 League T35"]
[Site "Internet Chess Club"]
[Date "2007.10.27"]
[Round "2"]
[White "Terte"]
[Black "jorobo"]
[Result "1/2-1/2"]
[WhiteElo "2143"]
[BlackElo "2157"]
[Opening "Two knights defense"]
[ECO "C55"]
[Time "03:00:02"]
[TimeControl "2700+45"]

1. e4 e5 2. Nf3 Nc6 3. Bc4 Nf6 4. O-O Nxe4 5. Nc3 Nxc3 6. dxc3 h6 7. Nxe5 Nxe5
8. Re1 Qe7 9. f4 d6 10. fxe5 dxe5 11. Be3 Be6 12. Qe2 f6 13. Rad1 Qf7 14. Bxe6
Qxe6 {Game drawn by mutual agreement} 1/2-1/2

[Event "Team 45 45 League T35"]
[Site "Internet Chess Club"]
[Date "2007.10.25"]
[Round "2"]
[White "Ser-Enigma"]
[Black "andreip"]
[Result "1-0"]
[WhiteElo "2089"]
[BlackElo "2055"]
[Opening "Catalan: open, classical line"]
[ECO "E05"]
[Time "14:12:41"]
[TimeControl "2700+45"]

1. d4 Nf6 2. c4 e6 3. g3 d5 4. Nf3 dxc4 5. Bg2 Be7 6. O-O O-O 7. Qc2 Nc6 8. Qxc4
Qd5 9. Qd3 Nb4 10. Qd1 c5 11. Nc3 Qh5 12. dxc5 Rd8 13. Qb3 Bxc5 14. Bg5 b6 15.
Bxf6 gxf6 16. Ne4 Kg7 17. Rac1 Be7 18. a3 Nd5 19. Nd4 Bb7 20. e3 Rac8 21. Nb5 f5
22. Rxc8 Bxc8 23. Nec3 Nxc3 24. Qxc3+ Bf6 25. Qc7 Ba6 26. a4 Qe2 27. Nd4 Rxd4
28. exd4 Qxb2 29. Rd1 Bxd4 30. Qf4 Bf6 31. h4 h6 32. Rd7 Be5 33. Qe3 Qa1+ 34.
Kh2 Bc8 35. Rxa7 Bd4 36. Qd2 Qb2 37. Qxb2 Bxb2 38. Bc6 e5 39. Bd5 Bd4 40. Rxf7+
Kg6 41. Rc7 Ba6 42. Kg2 Bd3 43. h5+ Kf6 44. Rf7+ Kg5 45. Rg7+ Kf6 46. Rg6+ Ke7
47. Rxh6 e4 48. Rc6 Be2 49. h6 Bf3+ 50. Kf1 Bd1 51. Ke1 Bh5 52. h7 Be8 53. Rxb6
Bc3+ 54. Kf1 Bxa4 55. Bc6 Bc2 56. Rb8 Bd3+ 57. Kg2 Kd6 58. Bb5 Kc7 59. h8=Q Bxh8
60. Rxh8 Bxb5 61. Rf8 Bd7 62. Rf6 Kd8 63. Kf1 Ke7 64. Rb6 Be6 65. Ke2 Kf6 66.
Ke3 Ke5 67. Rb5+ Kf6 68. Kf4 Bd7 69. Rb6+ Be6 70. Ra6 Ke7 71. Ke5 Bc8 72. Ra7+
Kd8 73. Kd6 f4 74. gxf4 Bf5 75. Ra8+ Bc8 76. f5 {Black resigns} 1-0

[Event "Team 45 45 League T35"]
[Site "Internet Chess Club"]
[Date "2007.10.29"]
[Round "2"]
[White "Guinness"]
[Black "f5"]
[Result "1-0"]
[WhiteElo "2261"]
[BlackElo "2204"]
[Opening "Sicilian: Nimzovich-Rossolimo attack (with ...g6, without ...d6)"]
[ECO "B31"]
[Time "15:34:04"]
[TimeControl "2700+45"]

1. e4 c5 2. Nf3 Nc6 3. Bb5 g6 4. O-O Bg7 5. c3 Nf6 6. Re1 O-O 7. e5 Nd5 8. d4
cxd4 9. cxd4 d6 10. Nc3 dxe5 11. Bxc6 bxc6 12. Nxe5 Qc7 13. Na4 Rb8 14. a3 Rd8
15. Nc5 Rb5 16. b4 a5 17. Qf3 Bxe5 18. dxe5 axb4 19. axb4 Nxb4 20. e6 f6 21. Bf4
Qb6 22. Na4 Qb7 23. Nc3 Rd3 24. Re3 Rxe3 25. Bxe3 Nc2 26. Rd1 Nxe3 27. Rd8+ Kg7
28. Nxb5 Nd5 29. h4 Bxe6 30. Nd4 Bf7 31. Qg4 Qb1+ 32. Kh2 Qb4 33. Nf5# {Black
checkmated} 1-0

[Event "Team 45 45 League T35"]
[Site "Internet Chess Club"]
[Date "2007.10.27"]
[Round "2"]
[White "gyoung"]
[Black "kingcapture"]
[Result "1/2-1/2"]
[WhiteElo "2191"]
[BlackElo "2293"]
[Opening "Sicilian: dragon, Yugoslav attack, 10.O-O-O"]
[ECO "B78"]
[Time "17:58:52"]
[TimeControl "2700+45"]

1. e4 c5 2. Nf3 d6 3. d4 cxd4 4. Nxd4 Nf6 5. Nc3 g6 6. Be3 Bg7 7. f3 O-O 8. Qd2
Nc6 9. Bc4 Bd7 10. O-O-O Rc8 11. Bb3 Ne5 12. Kb1 Re8 13. h4 h5 14. Bh6 Nc4 15.
Bxc4 Rxc4 16. Bxg7 Kxg7 17. g4 hxg4 18. h5 Rh8 19. hxg6 fxg6 20. f4 e5 21. Nde2
Nxe4 22. Nxe4 Rxe4 23. Rxh8 Kxh8 24. fxe5 Kg7 25. Nc3 Rxe5 26. Qxd6 Re7 27. Qd4+
Kg8 28. Nd5 Rf7 29. Rh1 Qh4 30. Qe4 Qg5 31. a3 Rh7 32. Rf1 Rf7 33. Rh1 Rh7 34.
Rf1 Rf7 35. Rh1 Rh7 36. Rf1 Rf7 {Game drawn by repetition} 1/2-1/2

[Event "Team 45 45 League T35"]
[Site "Internet Chess Club"]
[Date "2007.10.28"]
[Round "2"]
[White "onslaught"]
[Black "DctSccr"]
[Result "1/2-1/2"]
[WhiteElo "2186"]
[BlackElo "2083"]
[Opening "French: Tarrasch, Guimard main line"]
[ECO "C04"]
[Time "20:03:21"]
[TimeControl "2700+45"]

1. e4 e6 2. d4 d5 3. Nd2 Nc6 4. Ngf3 Nf6 5. e5 Nd7 6. Nb3 a5 7. a4 Be7 8. Bb5
Na7 9. Be2 b6 10. O-O O-O 11. Be3 c5 12. c3 Nc6 13. Ne1 Ba6 14. Bxa6 Rxa6 15. f4
f5 16. exf6 Rxf6 17. Qe2 Ra8 18. Nf3 Qc7 19. Ne5 Ncxe5 20. fxe5 Rxf1+ 21. Rxf1
Rf8 22. Rxf8+ Nxf8 23. Qb5 c4 24. Nd2 Qd7 25. Qxb6 Qxa4 26. Qa7 Ng6 27. Qb6 Kf7
28. g3 Qd1+ 29. Nf1 a4 30. Qa7 h6 31. h4 Qb3 32. Bd2 Qxb2 33. Qxa4 Qb1 34. Qd7
Qf5 35. Kg2 Qg4 36. Kf2 Qd1 37. Kg1 Qf3 38. Qb7 Qg4 {Game drawn by mutual
agreement} 1/2-1/2

[Event "Team 45 45 League T35"]
[Site "Internet Chess Club"]
[Date "2007.10.26"]
[Round "2"]
[White "chiiwen"]
[Black "fledermaus"]
[Result "1/2-1/2"]
[WhiteElo "1919"]
[BlackElo "2003"]
[Opening "Caro-Kann: classical, 7...Nd7"]
[ECO "B19"]
[Time "22:43:24"]
[TimeControl "2700+45"]

1. e4 c6 2. d4 d5 3. Nc3 dxe4 4. Nxe4 Bf5 5. Ng3 Bg6 6. h4 h6 7. Nf3 Nd7 8. Bc4
e6 9. h5 Bh7 10. Bf4 Ngf6 11. c3 Nd5 12. Bxd5 cxd5 13. O-O Be7 14. Re1 O-O 15.
Ne5 Nxe5 16. Bxe5 Bd6 17. Qg4 Bxe5 18. Rxe5 Qb6 19. Re2 Rae8 20. Rae1 Qd6 21. f4
b5 22. b4 Rc8 23. Re3 Rc7 24. Qf3 Qd7 25. Nf1 Be4 26. Qg3 f5 27. Rd1 Qf7 28. Qh3
Kh7 29. Rg3 Rfc8 30. Rc1 Rc4 31. Re1 R4c7 32. Nd2 Rc6 33. Nb3 Qc7 34. Nc5 Qxf4
35. Rf1 Qc7 36. Rg6 Qe7 37. Rf4 e5 38. Rxc6 Rxc6 39. Rf1 exd4 40. cxd4 Qg5 41.
Nxe4 fxe4 42. Rf5 Qd8 43. Re5 Rf6 44. Qb3 Qc7 45. Qxd5 Qc1+ 46. Kh2 Qf4+ 47. Kh3
e3 48. Qe4+ Qxe4 49. Rxe4 Ra6 50. Rxe3 Rxa2 51. Re5 Rd2 52. Rd5 g5 53. Rd7+ Kg8
54. Rb7 Rxd4 55. Rxb5 Rh4+ 56. Kg3 Rxh5 57. Rb8+ Kf7 58. Rb7+ {Game drawn by
mutual agreement} 1/2-1/2

[Event "Team 45 45 League T35"]
[Site "Internet Chess Club"]
[Date "2007.11.02"]
[Round "2"]
[White "MBelli"]
[Black "vaibhav"]
[Result "1/2-1/2"]
[WhiteElo "2523"]
[BlackElo "2377"]
[Opening "Sicilian"]
[ECO "B50"]
[Time "23:32:42"]
[TimeControl "2700+45"]

1. e4 c5 2. Nf3 d6 3. c3 Nf6 4. Be2 g6 5. O-O Bg7 6. Re1 O-O 7. Bf1 e5 8. d4
exd4 9. cxd4 cxd4 10. Nxd4 Ng4 11. Nf3 Qb6 12. Qc2 Nc6 13. Nc3 Nd4 14. Nxd4 Bxd4
15. Re2 Be6 16. h3 Nxf2 17. Rxf2 f5 18. Bh6 fxe4 19. Nxe4 d5 20. Bxf8 Rxf8 21.
Kh1 Bxf2 22. Ng5 Bd7 23. Rd1 Be3 24. Bc4 Bc6 25. Rxd5 Bxd5 26. Bxd5+ Kh8 27. Nf3
Qc5 {Game drawn by mutual agreement} 1/2-1/2

[Event "Team 45 45 League T35"]
[Site "Internet Chess Club"]
[Date "2007.10.28"]
[Round "2"]
[White "Extremophile"]
[Black "WesleyCrusher"]
[Result "1/2-1/2"]
[WhiteElo "2206"]
[BlackElo "2131"]
[Opening "Sicilian: Taimanov variation"]
[ECO "B46"]
[Time "16:19:31"]
[TimeControl "2700+45"]

1. e4 c5 2. Nc3 e6 3. Nf3 Nc6 4. d4 cxd4 5. Nxd4 a6 6. Be2 Qc7 7. O-O Nf6 8. Be3
Bb4 9. Na4 b5 10. Nb6 Rb8 11. Nxc8 Rxc8 12. Bd3 Ne5 13. Qe2 Nxd3 14. cxd3 O-O
15. Rfc1 Qb7 16. f3 Rxc1+ 17. Rxc1 Rc8 18. Rxc8+ Qxc8 19. Qc2 Qxc2 20. Nxc2 Be7
21. g4 h6 22. Kf2 Kf8 23. Ke2 Ke8 24. h3 d5 25. Bd4 dxe4 26. dxe4 Kd7 27. Ne1
Ne8 28. Nd3 Bd6 29. b3 g6 30. Bc5 Kc6 31. Bxd6 Kxd6 32. Ke3 Nc7 33. Kd4 e5+ 34.
Ke3 Ne6 35. Nb4 a5 36. Nd5 Nd4 37. f4 b4 38. Nb6 Nc6 39. f5 g5 40. Kd3 Kc5 41.
Nd7+ Kb5 42. Nf6 Ne7 43. Ne8 Kc5 44. Ke3 Kc6 45. Kd2 Ng8 46. Kd3 Kd7 47. Ng7 Nf6
48. Nh5 Nxh5 49. gxh5 Kc6 50. Kc4 f6 51. Kd3 Kc5 52. Ke3 {Game drawn by mutual
agreement} 1/2-1/2

[Event "Team 45 45 League T35"]
[Site "Internet Chess Club"]
[Date "2007.10.28"]
[Round "2"]
[White "Gregorio"]
[Black "Ozgur-Bjk"]
[Result "1/2-1/2"]
[WhiteElo "2032"]
[BlackElo "2162"]
[Opening "Sicilian: Richter-Rauzer, Rauzer attack, 7...a6"]
[ECO "B66"]
[Time "13:04:42"]
[TimeControl "2700+45"]

1. e4 c5 2. Nf3 d6 3. d4 cxd4 4. Nxd4 Nf6 5. Nc3 a6 6. Bg5 e6 7. Qd2 Nc6 8.
O-O-O Be7 9. f4 Qc7 10. Bxf6 gxf6 11. g4 Bd7 12. f5 Nxd4 13. Qxd4 O-O-O 14. Be2
Kb8 15. h4 Qc5 16. Qd2 Rc8 17. Rh3 Bc6 18. Qe3 Qxe3+ 19. Rxe3 Rc7 20. Rf1 Rhc8
{Game drawn by mutual agreement} 1/2-1/2

[Event "Team 45 45 League T35"]
[Site "Internet Chess Club"]
[Date "2007.10.28"]
[Round "2"]
[White "EUPHRATES"]
[Black "baumhauer"]
[Result "1-0"]
[WhiteElo "2080"]
[BlackElo "2022"]
[Opening "Ruy Lopez: Anderssen variation"]
[ECO "C77"]
[Time "03:19:52"]
[TimeControl "2700+45"]

1. e4 e5 2. Nf3 Nc6 3. Bb5 a6 4. Ba4 Nf6 5. d3 b5 6. Bb3 d6 7. Bg5 Be7 8. O-O
Na5 9. h3 Nxb3 10. axb3 O-O 11. b4 Kh8 12. Qe2 h6 13. Bh4 g5 14. Bg3 Nh5 15. Bh2
Nf4 16. Bxf4 gxf4 17. d4 Rg8 18. Kh2 Bf6 19. dxe5 dxe5 20. Nc3 c6 21. Ne1 Qf8
22. Nd3 Be6 23. b3 Be7 24. Na2 Rg5 25. Qf3 Rd8 26. Rad1 Bc8 27. g3 f5 28. Nxe5
Rxd1 29. Rxd1 fxe4 30. Qxf4 Bf5 31. Nd7 Qg7 32. Qe5 Rh5 33. h4 Bg4 34. Qxg7+
Kxg7 35. Rd4 Bf3 36. Nb8 Rd5 37. Nxc6 Rxd4 38. Nxd4 Bf6 39. Nxf3 exf3 40. Kg1
Bd4 41. c3 Bb6 42. Kf1 Kf6 43. c4 bxc4 44. bxc4 Bd4 45. Nc1 Ke5 46. Nd3+ Kd6 47.
Ke1 Ke6 48. Kd2 Kf5 49. c5 Ke6 50. Nf4+ Kd7 51. Nd3 Kc6 52. g4 Bf6 53. Ke3 Bxh4
54. Kxf3 Kd5 55. Ke3 Bf6 56. f4 Bd4+ 57. Kd2 Ke4 58. c6 Bb6 59. Nc5+ Kxf4 60.
Nxa6 Kxg4 61. c7 Bxc7 62. Nxc7 h5 63. Ke3 Kg3 64. Nd5 {Black resigns} 1-0